NCAA
OHIO STATE BUCKEYES @ MISSISSIPPI REBELS
05/19/2026
 
TOP OF THE 1ST
Ohio State Buckeyes batting - Pitching for Mississippi Rebels : RHP Mike Gordon
Pitching: RHP Mike Gordon
Batting: RHB Alan Evans 0-0: Called Strike
0-1: Fly out, F3 (Popup, 3L)
Batting: SHB Bill House 0-0: SINGLE (Groundball, 4MD)
Batting: LHB Joel Nelson 0-0: Called Strike
0-1: Foul Ball, location: 2F
0-2: Ball
1-2: Ball
2-2: Foul Ball, location: 2F
2-2: Ground out 5-3 (Groundball, 56S)
Bill House to second
Batting: LHB Milo Glenn 0-0: Ball
1-0: Ball
2-0: Ball
3-0: Base on Balls
Batting: RHB Richie Sawyer 0-0: Ball
1-0: Called Strike
1-1: Foul Ball, location: 2F
1-2: Foul Ball, location: 2F
1-2: Foul Ball, location: 2F
1-2: Strikes out looking
Top of the 1st over - 0 run(s), 1 hit(s), 0 error(s), 2 left on base; Ohio State 0 - Mississippi 0
BOTTOM OF THE 1ST
Mississippi Rebels batting - Pitching for Ohio State Buckeyes : LHP Gabriel Rodríguez
Pitching: LHP Gabriel Rodríguez
Batting: RHB Lou Hammond 0-0: Swinging Strike
0-1: Ball
1-1: Ground out 5-3 (Groundball, 5S)
Batting: RHB Simon Lee 0-0: Ground out 4-3 (Groundball, 4)
Batting: LHB Roger Warren 0-0: Foul Ball, location: 2F
0-1: Ball
1-1: Ball
2-1: DOUBLE (Line Drive, 9LM)
Batting: LHB Jeff Forsyth 0-0: Called Strike
0-1: Ball
1-1: Foul Ball, location: 2F
1-2: Foul Ball, location: 2F
1-2: Ball
2-2: Ground out 5-3 (Groundball, 5)
Bottom of the 1st over - 0 run(s), 1 hit(s), 0 error(s), 1 left on base; Ohio State 0 - Mississippi 0
TOP OF THE 2ND
Ohio State Buckeyes batting - Pitching for Mississippi Rebels : RHP Mike Gordon
Batting: RHB John Robertson 0-0: Swinging Strike
0-1: Ball
1-1: Ball
2-1: Swinging Strike
2-2: Foul Ball, location: 2F
2-2: Strikes out swinging
Batting: LHB Roberto Herrera 0-0: Ball
1-0: Ball
2-0: Foul Ball, location: 2F
2-1: Called Strike
2-2: Strikes out looking
Batting: RHB George Pierce 0-0: Foul Ball, location: 2F
0-1: Swinging Strike
0-2: DOUBLE (Groundball, 5L)
Batting: RHB Frank Hester 0-0: Ball
1-0: SINGLE (Popup, 13S)
George Pierce to third
Runner from 3rd tries for Home, SAFE, no throw or cutoff
Batting: RHB Alan Evans 0-0: Ground out 1-3 (Groundball, 13S)
Top of the 2nd over - 1 run(s), 2 hit(s), 0 error(s), 1 left on base; Ohio State 1 - Mississippi 0
BOTTOM OF THE 2ND
Mississippi Rebels batting - Pitching for Ohio State Buckeyes : LHP Gabriel Rodríguez
Batting: RHB Rafael Gonzáles 0-0: Ball
1-0: Ball
2-0: Ball
3-0: Called Strike
3-1: Fly out, F9 (Flyball, 89S)
Batting: RHB Willard Bader 0-0: Ball
1-0: Swinging Strike
1-1: Ball
2-1: Foul Ball, location: 2F
2-2: Ground out 6-3 (Groundball, 6)
Batting: RHB José Rey 0-0: Ball
1-0: SINGLE (Groundball, 13) (infield hit)
Batting: RHB Bill Pike 0-0: Fly out, F4 (Popup, 4)
Bottom of the 2nd over - 0 run(s), 1 hit(s), 0 error(s), 1 left on base; Ohio State 1 - Mississippi 0
TOP OF THE 3RD
Ohio State Buckeyes batting - Pitching for Mississippi Rebels : RHP Mike Gordon
Batting: SHB Bill House 0-0: Called Strike
0-1: Ball
1-1: Ball
2-1: Ball
3-1: Foul Ball, location: 2F
3-2: Strikes out looking
Batting: LHB Joel Nelson 0-0: Ball
1-0: Ball
2-0: Swinging Strike
2-1: Foul Ball, location: 2F
2-2: Fly out, F6 (Popup, 5DF)
Batting: LHB Milo Glenn 0-0: Foul Ball, location: 2F
0-1: Foul Ball, location: 2F
0-2: Strikes out swinging
Top of the 3rd over - 0 run(s), 0 hit(s), 0 error(s), 0 left on base; Ohio State 1 - Mississippi 0
BOTTOM OF THE 3RD
Mississippi Rebels batting - Pitching for Ohio State Buckeyes : LHP Gabriel Rodríguez
Batting: RHB John Eaves 0-0: Ball
1-0: Called Strike
1-1: Ball
2-1: Foul Ball, location: 2F
2-2: Foul Ball, location: 2F
2-2: Ball
3-2: Strikes out swinging
Batting: RHB Lou Hammond 0-0: Ball
1-0: Called Strike
1-1: Swinging Strike
1-2: Strikes out looking
Batting: RHB Simon Lee 0-0: Ball
1-0: Ball
2-0: Called Strike
2-1: Ball
3-1: Foul Ball, location: 2F
3-2: Foul Ball, location: 2F
3-2: Base on Balls
Batting: LHB Roger Warren 0-0: Called Strike
0-1: Ball
1-1: Foul Ball, location: 2F
1-2: Foul Ball, location: 2F
1-2: Strikes out swinging
Bottom of the 3rd over - 0 run(s), 0 hit(s), 0 error(s), 1 left on base; Ohio State 1 - Mississippi 0
TOP OF THE 4TH
Ohio State Buckeyes batting - Pitching for Mississippi Rebels : RHP Mike Gordon
Batting: RHB Richie Sawyer 0-0: Ball
1-0: Fly out, F8 (Flyball, 8RD)
Batting: RHB John Robertson 0-0: Called Strike
0-1: Foul Ball, location: 2F
0-2: Foul Ball, location: 2F
0-2: Foul Ball, location: 2F
0-2: Strikes out swinging
Batting: LHB Roberto Herrera 0-0: Fly out, F7 (Flyball, 7M)
Top of the 4th over - 0 run(s), 0 hit(s), 0 error(s), 0 left on base; Ohio State 1 - Mississippi 0
BOTTOM OF THE 4TH
Mississippi Rebels batting - Pitching for Ohio State Buckeyes : LHP Gabriel Rodríguez
Batting: LHB Jeff Forsyth 0-0: Ball
1-0: Swinging Strike
1-1: Ball
2-1: Called Strike
2-2: Ball
3-2: Foul Ball, location: 2F
3-2: SINGLE (Groundball, 34)
Batting: RHB Rafael Gonzáles 0-0: Fly out, F7 (Flyball, 7M)
Batting: RHB Willard Bader 0-0: Ball
1-0: Ball
2-0: Ball
3-0: Called Strike
3-1: Called Strike
3-2: Fly out, F7 (Flyball, 7M)
Batting: RHB José Rey 0-0: Ball
1-0: Called Strike
1-1: Swinging Strike
1-2: Strikes out swinging
Bottom of the 4th over - 0 run(s), 1 hit(s), 0 error(s), 1 left on base; Ohio State 1 - Mississippi 0
TOP OF THE 5TH
Ohio State Buckeyes batting - Pitching for Mississippi Rebels : RHP Mike Gordon
Batting: RHB George Pierce 0-0: Ball
1-0: Ball
2-0: Called Strike
2-1: Foul Ball, location: 2F
2-2: Foul Ball, location: 2F
2-2: Strikes out swinging
Batting: RHB Frank Hester 0-0: Ball
1-0: Ball
2-0: Ball
3-0: Foul Ball, location: 2F
3-1: Foul Ball, location: 2F
3-2: Strikes out looking
Batting: RHB Alan Evans 0-0: Called Strike
0-1: Ball
1-1: Ball
2-1: Foul Ball, location: 2F
2-2: Ball
3-2: Foul Ball, location: 2F
3-2: Base on Balls
Batting: SHB Bill House 0-0: Called Strike
0-1: Ball
1-1: Called Strike
Alan Evans steals 2nd base
1-2: Ground out 3-6 (Groundball, 3)
Top of the 5th over - 0 run(s), 0 hit(s), 0 error(s), 1 left on base; Ohio State 1 - Mississippi 0
BOTTOM OF THE 5TH
Mississippi Rebels batting - Pitching for Ohio State Buckeyes : LHP Gabriel Rodríguez
Batting: RHB Bill Pike 0-0: Called Strike
0-1: Ball
1-1: Called Strike
1-2: Strikes out looking
Batting: RHB John Eaves 0-0: Ball
1-0: Ground out 6-3 (Groundball, 6)
Batting: RHB Lou Hammond 0-0: Called Strike
0-1: Ball
1-1: Swinging Strike
1-2: Reached on Error, E8 (Flyball, 8LM)
Pitching: RHP Greg MacGilroy
Batting: RHB Simon Lee 0-0: Ball
1-0: Ball
2-0: Called Strike
2-1: Ball
3-1: Swinging Strike
3-2: Strikes out swinging
Bottom of the 5th over - 0 run(s), 0 hit(s), 1 error(s), 1 left on base; Ohio State 1 - Mississippi 0
TOP OF THE 6TH
Ohio State Buckeyes batting - Pitching for Mississippi Rebels : RHP Mike Gordon
Pitching: LHP Drew Murdoch
Batting: LHB Joel Nelson 0-0: Foul Ball, location: 2F
0-1: Swinging Strike
0-2: Strikes out looking
Batting: LHB Milo Glenn 0-0: Ball
1-0: Called Strike
1-1: Ball
2-1: Fly out, F7 (Flyball, 7M)
Batting: RHB Richie Sawyer 0-0: Ball
1-0: Ball
2-0: Ball
3-0: Base on Balls
Batting: RHB John Robertson 0-0: Ball
1-0: Ball
2-0: Ball
3-0: Called Strike
3-1: Called Strike
3-2: Fly out, F8 (Flyball, 8LD)
Top of the 6th over - 0 run(s), 0 hit(s), 0 error(s), 1 left on base; Ohio State 1 - Mississippi 0
BOTTOM OF THE 6TH
Mississippi Rebels batting - Pitching for Ohio State Buckeyes : RHP Greg MacGilroy
Batting: LHB Roger Warren 0-0: Ball
1-0: Foul Ball, location: 2F
1-1: Ball
2-1: Ground out 5-3 (Groundball, 5S)
Batting: LHB Jeff Forsyth 0-0: Called Strike
0-1: Ball
1-1: Foul Ball, location: 2F
1-2: Strikes out looking
Batting: RHB Rafael Gonzáles 0-0: Ball
1-0: Ball
2-0: Ball
3-0: Base on Balls
Batting: RHB Willard Bader 0-0: Called Strike
0-1: Hit by Pitch
Rafael Gonzáles to second
Batting: RHB José Rey 0-0: Fielders Choice at 2nd, 5-4 (Groundball, 56)
Bottom of the 6th over - 0 run(s), 0 hit(s), 0 error(s), 1 left on base; Ohio State 1 - Mississippi 0
TOP OF THE 7TH
Ohio State Buckeyes batting - Pitching for Mississippi Rebels : LHP Drew Murdoch
Batting: LHB Roberto Herrera 0-0: Called Strike
0-1: Fly out, F8 (Flyball, 8LM)
Batting: RHB George Pierce 0-0: Called Strike
0-1: Fly out, F8 (Flyball, 8RS)
Batting: RHB Frank Hester 0-0: Ball
1-0: Ball
2-0: Ball
3-0: Base on Balls
Batting: RHB Alan Evans 0-0: Called Strike
0-1: Fly out, F9 (Flyball, 9M)
Top of the 7th over - 0 run(s), 0 hit(s), 0 error(s), 1 left on base; Ohio State 1 - Mississippi 0
BOTTOM OF THE 7TH
Mississippi Rebels batting - Pitching for Ohio State Buckeyes : RHP Greg MacGilroy
Batting: RHB Bill Pike 0-0: Swinging Strike
0-1: Swinging Strike
0-2: Strikes out swinging
Batting: RHB John Eaves 0-0: Called Strike
0-1: Called Strike
0-2: Ball
1-2: Strikes out swinging
Batting: RHB Lou Hammond 0-0: Ground out 6-3 (Groundball, 6D)
Bottom of the 7th over - 0 run(s), 0 hit(s), 0 error(s), 0 left on base; Ohio State 1 - Mississippi 0
TOP OF THE 8TH
Ohio State Buckeyes batting - Pitching for Mississippi Rebels : LHP Drew Murdoch
Pitching: RHP John MacHendry
Batting: SHB Bill House 0-0: Foul Ball, location: 2F
0-1: Foul Ball, location: 2F
0-2: Ball
1-2: Foul Ball, location: 2F
1-2: Ball
2-2: SINGLE (Line Drive, 9S)
Batting: LHB Joel Nelson 0-0: Called Strike
0-1: Swinging Strike
0-2: SINGLE (Line Drive, 7LS)
Bill House to second
Batting: LHB Milo Glenn 0-0: Ball
1-0: Ball
2-0: Ball
3-0: Base on Balls
Bill House to third
Joel Nelson to second
Batting: RHB Richie Sawyer 0-0: Called Strike
0-1: Ball
1-1: Ball
2-1: Ball
3-1: Foul Ball, location: 2F
3-2: Foul Ball, location: 2F
3-2: Foul Ball, location: 2F
3-2: Base on Balls
Bill House scores
Joel Nelson to third
Milo Glenn to second
Batting: RHB John Robertson 0-0: Foul Ball, location: 2F
0-1: Foul Ball, location: 2F
0-2: Ball
1-2: Strikes out looking
Batting: LHB Roberto Herrera 0-0: Called Strike
0-1: Ball
1-1: Foul Ball, location: 2F
1-2: Strikes out swinging
Batting: RHB George Pierce 0-0: Called Strike
0-1: Called Strike
0-2: Strikes out swinging
Top of the 8th over - 1 run(s), 2 hit(s), 0 error(s), 3 left on base; Ohio State 2 - Mississippi 0
BOTTOM OF THE 8TH
Mississippi Rebels batting - Pitching for Ohio State Buckeyes : RHP Greg MacGilroy
Pitching: LHP Gonzalo Tobías
Now at 1B: Theodore Draper
Now at 3B: Mario Muñíz
Batting: RHB Simon Lee 0-0: Ball
1-0: Ball
2-0: Foul Ball, location: 2F
2-1: Foul Ball, location: 2F
2-2: Fly out, F4 (Popup, 3DF)
Batting: LHB Roger Warren 0-0: Ball
1-0: Swinging Strike
1-1: Ball
2-1: Ball
3-1: Called Strike
3-2: Strikes out swinging
Batting: LHB Jeff Forsyth 0-0: Called Strike
0-1: Ball
1-1: Foul Ball, location: 2F
1-2: SINGLE (Flyball, 8LS)
Pitching: RHP Ben Graham
Batting: RHB Rafael Gonzáles 0-0: SINGLE (Groundball, 4MD) (infield hit)
Jeff Forsyth to second
Batting: RHB Willard Bader 0-0: Ball
1-0: Ball
2-0: Called Strike
2-1: Called Strike
2-2: Fly out, F7 (Flyball, 7M)
Bottom of the 8th over - 0 run(s), 2 hit(s), 0 error(s), 2 left on base; Ohio State 2 - Mississippi 0
TOP OF THE 9TH
Ohio State Buckeyes batting - Pitching for Mississippi Rebels : RHP John MacHendry
Batting: RHB Frank Hester 0-0: SINGLE (Groundball, 6MD)
Batting: RHB Alan Evans 0-0: Bunted foul
0-1: Sac Bunt - play at first, batter OUT! 5-4
Frank Hester to second
Batting: SHB Bill House 0-0: Called Strike
0-1: Swinging Strike
0-2: Ball
1-2: Strikes out swinging
Batting: LHB Joel Nelson 0-0: Ball
1-0: Ball
2-0: Ball
3-0: Base on Balls
Batting: LHB Milo Glenn 0-0: Foul Ball, location: 2F
0-1: Ball
1-1: Called Strike
1-2: Strikes out swinging
Top of the 9th over - 0 run(s), 1 hit(s), 0 error(s), 2 left on base; Ohio State 2 - Mississippi 0
BOTTOM OF THE 9TH
Mississippi Rebels batting - Pitching for Ohio State Buckeyes : RHP Ben Graham
Pitching: RHP Jacob Edwards
Now at SS: Bernard Farley
Batting: RHB José Rey 0-0: Called Strike
0-1: Swinging Strike
0-2: Foul Ball, location: 2F
0-2: Ball
1-2: Ball
2-2: SINGLE (Groundball, 3)
Pinch Hitting: RHB Leonard Martínez 0-0: Called Strike
0-1: Grounds into double play, 6-4-3 (Groundball, 6D)
Batting: RHB John Eaves 0-0: Ball
1-0: Ball
2-0: SOLO HOME RUN (Flyball, 89XD), Distance : 374 ft
Batting: RHB Lou Hammond 0-0: Called Strike
0-1: Called Strike
0-2: Strikes out swinging
Bottom of the 9th over - 1 run(s), 2 hit(s), 0 error(s), 0 left on base; Ohio State 2 - Mississippi 1
Monday, December 5th, 2016 - OOTP Baseball 17.12 Build 75